 Dungeon Crawl Stone Soup version 0.24-a0-422-g9eff3895ba (webtiles) character file.

Game seed: 7748435109237946822

33 HAL9000 the Sneak (level 3, -2/18 HPs)
             Began as a Vine Stalker Assassin on June 12, 2019.
             Killed from afar by an orc wizard (5 damage)
             ... with a puff of flame
             ... on level 2 of the Dungeon.
             The game lasted 00:01:18 (1017 turns).

HAL9000 the Sneak (Vine Stalker Assassin)           Turns: 1017, Time: 00:01:18

Health: -2/18      AC:  5    Str: 14    XL:     3   Next: 29%
Magic:  0/4        EV: 11    Int: 11    God:
Gold:   113        SH:  0    Dex: 15    Spells: 2/2 levels left

rFire    . . .     SeeInvis .   a - +2 dagger
rCold    . . .     Gourm    .   (no shield)
rNeg     . . .     Faith    .   b - +0 robe
rPois    .         Spirit   +   i - +0 helmet (curse)
rElec    .         Reflect  .   c - +0 cloak
rCorr    .         Harm     .   r - +0 pair of gloves
MR       .....                  (no boots)
Stlth    ++........             (no amulet)
HPRegen  0.06/turn              h - ring of attention (curse)
MPRegen  0.09/turn              (no ring)

@: no status effects
A: fangs 2, magic shield, antimagic bite, no potion heal 3, rot immunity
a: no special abilities


You were on level 2 of the Dungeon.
You were not hungry.

You visited 1 branch of the dungeon, and saw 2 of its levels.

You collected 113 gold pieces.

Inventory:

Hand Weapons
 a - a +2 dagger (weapon)
Missiles
 d - 18 poisoned darts (quivered)
 e - 2 curare-tipped darts
Armour
 b - a +0 robe (worn)
 c - a +0 cloak (worn)
 i - a cursed +0 helmet (worn)
 r - a +0 pair of gloves (worn)
Jewellery
 h - a cursed ring of attention (left hand)
Scrolls
 g - 2 scrolls of identify {unknown}
 j - 2 scrolls of remove curse {unknown}
 k - a scroll of enchant armour {unknown}
 p - a scroll of amnesia {unknown}
Potions
 l - a potion of degeneration {unknown}
 m - a potion of lignification {unknown}
 o - a potion of invisibility {unknown}
 q - 2 potions of magic {unknown}
Comestibles
 f - 4 rations
 n - 3 chunks of flesh


   Skills:
 - Level 1.7 Fighting
 + Level 3.3 Short Blades
 - Level 1.7 Throwing
 - Level 0.7 Dodging
 - Level 4.8 Stealth


You had 2 spell levels left.
You didn't know any spells.
Your spell library was empty.

Dungeon Overview and Level Annotations

Branches:
Dungeon (2/15)

Altars:


Innate Abilities, Weirdness & Mutations

You have extremely sharp teeth.
When hurt, damage is shared between your health and your magic reserves.
Your bite disrupts and absorbs the magic of your enemies.
Potions cannot restore your health.
You are immune to rotting.


Message History

The worm bites you!
* * * LOW HITPOINT WARNING * * *
The orc hits you.
* * * LOW HITPOINT WARNING * * *
An orc comes into view.
The orc wizard casts a spell.
The orc wizard seems to speed up.
The orc wizard gestures wildly while chanting.
The orc wizard flickers and vanishes!
Deactivating autopickup; reactivate with Ctrl-A.
The adder bites you but does no damage.
The orc falls through a shaft!
The shaft crumbles and collapses.
The adder barely misses you. Something hits you.
* * * LOW HITPOINT WARNING * * *
You feel your power leaking away.
You hear some strange, mumbled words.
A puff of flame appears from out of thin air!
The puff of flame hits you.
You die...

####.####### # #..........# .#
######.##.##.##.# ..#
#.......#.##.##.##..##. ##
#.......#.............. #.
##.......#.##.##.......# ###.
.........#.>...S.##. #.# #...
##............##.##.##.# #.#.
#.......###.###@##..#.# #.#.
#.........#.# #.###.#.# ##.#.
######.##.#.# #.##....# ##....
#......# #.......# ##.....
##########.### ####...## #......
...........# #...# #....<.
....#####..########...#####......
....####....##.............#.....
...†........................#....


You could see an adder.

Vanquished Creatures
  2 leopard geckos (D:2)
  A ball python (D:1)
  3 bats (D:2)
  4 giant cockroaches
  3 goblins
  A hobgoblin (D:2)
  4 jackals (D:2)
  3 kobolds
  A frilled lizard (D:2)
  6 rats
28 creatures vanquished.

Notes
Turn   | Place    | Note
-------+----------+-------------------------------------------
     0 | D:1      | HAL9000 the Vine Stalker Assassin began the quest for the
                  | Orb.
     0 | D:1      | Reached XP level 1. HP: 11/11 MP: 2/2
   304 | D:1      | Reached XP level 2. HP: 9/15 MP: 3/3
   668 | D:1      | You fall into a shaft and drop 1 floor!
   836 | D:2      | Reached XP level 3. HP: 18/18 MP: 4/4
  1017 | D:2      | Killed from afar by an orc wizard

Levels and vault maps discovered:
D:1:      sevenhm_arrival_forest_fort_small_6, layout_basic
D:2:      layout_loops_cross, st_stairs_4, minmay_tromino_mix6

Skill      XL: |  1  2 |
---------------+-------+-----
Short Blades   | 2 3 |  3.3
Fighting       | |  1.7
Throwing       | |  1.7
Dodging        | |  0.7
Stealth        | |  4.8

Action                   || total
-------------------------++-------
Melee: Dagger            ||    76
       Bite              ||    15
 Stab: Distracted        ||     1
Armor: Robe              ||    28
Dodge: Dodged            ||    36

Table legend:
 A = Non-vault XP
 B = Vault XP
 C = Vault XP percentage of total XP
 D = Non-vault monster count
 E = Vault monster count
 F = Vault count percentage of total count
                 A         B        C        D         E       F
            +---------+---------+-------+---------+---------+-------
      Total |      41 |       7 |  14.6 |      24 |       4 |  14.3
            +---------+---------+-------+---------+---------+-------
        D:1 |      12 |       0 |   0.0 |       7 |       0 |   0.0
        D:2 |      29 |       7 |  19.4 |      17 |       4 |  19.0
            +---------+---------+-------+---------+---------+-------
